 Dungeon Crawl Stone Soup version 0.28-a0-1382-g92835e5c71 (webtiles) character file.

Game seed: 15879960093260382175

3552 funkygono the Thaumaturge (level 9, -13/45 HPs)
             Began as a Deep Elf Fire Elementalist on Jan 1, 2022.
             Was a Believer of Vehumet.
             Mangled by an orc warlord (39 damage)
             ... in a bailey.
             The game lasted 00:16:32 (8413 turns).

funkygono the Thaumaturge (DEFE)                    Turns: 8413, Time: 00:16:32

Health: -13/45     AC:  5    Str:  7    XL:     9   Next: 83%
Magic:  7/26       EV: 13    Int: 23    God:    Vehumet [**....]
Gold:   252        SH:  0    Dex: 15    Spells: 13/30 levels left

rFire   . . .      SeeInvis .   d - +3 short sword (protect)
rCold   . . .      Faith    .   (no shield)
rNeg    . . .      Spirit   .   a - +0 robe
rPois   .          Reflect  .   i - +1 hat
rElec   .          Harm     .   j - +0 cloak
rCorr   .          Rampage  .   m - +0 pair of gloves
Will    .....                   (no boots)
Stlth   ++........              (no amulet)
HPRegen 0.15/turn               (no ring)
MPRegen 0.20/turn               (no ring)

@: hasted, very quick
A: no striking features
a: Renounce Religion


You were in a bailey.
You worshipped Vehumet.
Vehumet was pleased with you.
You visited 1 branch of the dungeon, and saw 8 of its levels.
You also visited: Bailey.

You collected 362 gold pieces.
You spent 110 gold pieces at shops.

Inventory:

Hand Weapons
 d - a +3 short sword of protection (weapon)
 p - a +1 dagger of freezing
Missiles
 b - 263 stones
Armour
 a - a +0 robe (worn)
 i - a +1 hat (worn)
 j - a +0 cloak (worn)
 m - a +0 pair of gloves (worn)
Magical Staves
 q - a staff of cold
Wands
 h - a wand of mindburst (22)
Scrolls
 e - a scroll of immolation
 f - 3 scrolls of teleportation
 r - a scroll of fear
Potions
 c - a potion of brilliance
 g - 2 potions of curing
 k - 3 potions of magic
 l - 3 potions of haste
 n - a potion of heal wounds {unknown}
 o - a potion of cancellation {unknown}
 s - 2 potions of might
 t - a potion of mutation {unknown}


   Skills:
 + Level 0.1 Fighting
 + Level 0.1 Short Blades
 + Level 3.0 Dodging
 - Level 2.4 Stealth
 * Level 11.4 Spellcasting
 * Level 7.3 Conjurations
 * Level 9.5 Fire Magic
 * Level 3.7 Poison Magic


You had 13 spell levels left.
You knew the following spells:

 Your Spells              Type           Power      Damage    Failure   Level
a - Foxfire               Conj/Fire      100%       2x1d9     1%          1
b - Scorch                Fire           100%       2d10      1%          2
c - Conjure Flame         Conj/Fire      51%        6-21      1%          3
d - Flame Wave            Conj/Fire      51%        2d9       1%          4
e - Sting                 Tmut/Pois      84%        1d7       2%          1
f - Olgreb's Toxic Radia  Pois           30%        N/A       11%         4
g - Static Discharge      Conj/Air       29%        N/A       1%          2

Your spell library contained the following spells:

 Spells                   Type           Power      Damage    Failure   Level
 Inner Flame              Hex/Fire       35%        N/A       1%          3
 Poisonous Vapours        Pois/Air       42%        N/A       3%          2


Dungeon Overview and Level Annotations

Branches:
Dungeon (8/15)             Temple (0/1) D:5          Bailey (1/1)
   Lair: D:8-11

Altars:
Cheibriados
Gozag
Hepliaklqana
Makhleb
Nemelex Xobeh
Okawaru
Trog
Uskayaw
Vehumet
Wu Jian

Shops:
D:1 ([   D:2 *

Annotations:
D:6 3 runed translucent doors, wakim's ghost, novice DgIE


Message History

Casting: Foxfire (safe; 1% risk of failure)
Confirm with . or Enter, or press ? or * to list all spells.
You conjure some foxfire!
The foxfire hits the orc warlord but does no damage.
The orc warlord is lightly wounded.
The foxfire hits the goblin!
You kill the goblin!
Vehumet accepts your kill.
You feel your power returning.
A hobgoblin comes into view. It is wielding a +0 hand axe.
Casting: Foxfire (safe; 1% risk of failure)
Confirm with . or Enter, or press ? or * to list all spells.
Casting: Flame Wave (dangerous; 1% risk of failure)
Press: ? - help, Dir - look around, f - activate A wave of flame ripples out!
The flame wave engulfs the orc warlord but does no damage.
The orc warlord is lightly wounded.
The flame wave engulfs your foxfire.
Your foxfire completely resists.
The flame wave engulfs your foxfire.
Your foxfire completely resists. (Press . to intensify the flame waves.)
You hear a shout!
The foxfire hits the orc warlord.
The orc warlord is lightly wounded.
The foxfire hits the orc warlord.
The orc warlord is lightly wounded.
The orc warlord barely misses you.
A wave of flame ripples out!
The flame wave engulfs the orc warlord!
The orc warlord is moderately wounded.
The flame wave engulfs the orc!
You kill the orc!
Vehumet accepts your kill.
Unknown command.
A wave of flame ripples out!
The flame wave engulfs the orc warlord!
The orc warlord is moderately wounded.
You finish channelling waves of flame.
The orc warlord hits you with a +0 great sword!!!
Ouch! That really hurt!
You die...

#.....⌠.....
#.).).).o...
#........o.. ♣♣♣♣♣
###o........# ♣♣.♣.♣♣♣
###.#§#.....###
♣......♣###.....###.###
♣♣♣......##....)....###
♣........#...))......#
♣♣.......'@o.........#
♣...∩.∩..'..)..⌠)....#
♣........'..)..)).)..#
♣♣.......#...........#
♣♣......##...g.....##
♣.....♣.♣###...g.###
♣♣.♣♣♣♣♣♣ ###.#'# ♣♣
###..


You could see an orc warlord (poisoned), a hobgoblin and a goblin.

Vanquished Creatures
  A water moccasin (D:7)
  3 ice beasts
  2 sky beasts
  4 orc warriors
  3 black bears
  An ogre (D:3)
  2 necrophages
  5 scorpions
  A water moccasin zombie (D:6)
  A water moccasin skeleton (D:4)
  6 killer bees (D:8)
  A howler monkey (D:7)
  13 wights
  2 centaur zombies (D:7)
  2 hounds
  A bullfrog skeleton (D:7)
  2 orc priests
  3 iguanas
  Terence (D:2)
  Natasha (thrice) (D:3)
  8 orc wizards
  A howler monkey zombie (D:6)
  4 gnolls
  7 adders
  A white imp (D:6)
  An ufetubus (D:6)
  A worm (D:4)
  2 dart slugs
  29 orcs
  3 bats
  5 endoplasms
  A giant cockroach (D:4)
  14 goblins
  10 hobgoblins
  10 jackals
  8 quokkas
  4 ball pythons
  4 frilled lizards
  5 kobolds
  4 rats
179 creatures vanquished.

Vanquished Creatures (collateral kills)
  11 foxfires (D:5)
11 creatures vanquished.

Vanquished Creatures (others)
  630 foxfires
630 creatures vanquished.

Grand Total: 820 creatures vanquished

Notes
Turn   | Place    | Note
-------+----------+-------------------------------------------
     0 | D:1      | funkygono the Deep Elf Fire Elementalist began the quest
                  | for the Orb.
     0 | D:1      | Reached XP level 1. HP: 10/10 MP: 6/6
   194 | D:1      | Reached XP level 2. HP: 15/15 MP: 5/8
   241 | D:1      | Learned a level 2 spell: Scorch
   250 | D:1      | Found Wuttigyq's Armour Boutique.
   416 | D:1      | Found Pufoam's Antique Weapon Boutique.
   655 | D:1      | Found a faded altar of an unknown god.
   792 | D:1      | Reached XP level 3. HP: 19/19 MP: 2/9
   796 | D:1      | Learned a level 3 spell: Conjure Flame
  1415 | D:2      | Found Wapp's General Store.
  1482 | D:2      | Noticed Terence
  1524 | D:2      | Killed Terence
  1525 | D:2      | Reached XP level 4. HP: 14/24 MP: 0/11
  1533 | D:2      | Learned a level 4 spell: Flame Wave
  1679 | D:2      | Reached skill level 4 in Spellcasting
  2225 | D:3      | Noticed Natasha
  2230 | D:3      | Killed Natasha
  2231 | D:3      | Reached XP level 5. HP: 26/28 MP: 7/13
  2340 | D:3      | Reached skill level 5 in Fire Magic
  2544 | D:3      | Noticed Natasha
  2549 | D:3      | Killed Natasha
  2707 | D:3      | Noticed an ogre
  2716 | D:3      | Killed an ogre
  2717 | D:3      | Reached skill level 5 in Spellcasting
  2717 | D:3      | Reached XP level 6. HP: 32/32 MP: 11/16
  3622 | D:4      | Reached skill level 6 in Spellcasting
  3891 | D:4      | Reached XP level 7. HP: 36/36 MP: 8/18
  4261 | D:3      | Noticed Natasha
  4265 | D:3      | Killed Natasha
  4367 | D:5      | Entered Level 5 of the Dungeon
  4378 | D:5      | Found an iron altar of Okawaru.
  4467 | D:1      | Bought a +1 hat for 110 gold pieces
  4552 | D:5      | Reached skill level 7 in Spellcasting
  4600 | D:5      | Found a radiant altar of Vehumet.
  4637 | D:5      | Became a worshipper of Vehumet
  4744 | D:5      | Found a staircase to the Ecumenical Temple.
  4783 | D:5      | Found a burning altar of Makhleb.
  4784 | D:5      | Found a snail-covered altar of Cheibriados.
  4868 | D:5      | Reached skill level 8 in Spellcasting
  4868 | D:5      | Reached XP level 8. HP: 41/41 MP: 9/22
  4973 | D:5      | Reached skill level 5 in Conjurations
  5248 | D:5      | Found a hazy altar of Hepliaklqana.
  5290 | D:5      | Found an opulent altar of Gozag.
  5290 | D:5      | Found a sparkling altar of Nemelex Xobeh.
  5300 | D:5      | Learned a level 1 spell: Sting
  5305 | D:5      | Learned a level 4 spell: Olgreb's Toxic Radiance
  5551 | D:6      | Noticed wakim's ghost (novice DgIE)
  5579 | D:6      | Found a runed translucent gate.
  5579 | D:6      | Found a runed translucent gate.
  5579 | D:6      | Found a runed translucent gate.
  5764 | D:6      | Found a hide-covered altar of Uskayaw.
  6116 | D:6      | Reached skill level 9 in Spellcasting
  6231 | D:6      | Reached skill level 1 in Poison Magic
  6391 | D:6      | Reached * piety under Vehumet
  6391 | D:6      | Offered knowledge of Freeze by Vehumet.
  6810 | D:7      | Reached XP level 9. HP: 43/45 MP: 17/24
  7015 | D:7      | Found a bloodstained altar of Trog.
  7171 | D:7      | Reached skill level 10 in Spellcasting
  7370 | D:7      | Offered knowledge of Static Discharge by Vehumet.
  7550 | D:7      | Found an ornate altar of the Wu Jian Council.
  7583 | D:7      | Learned a level 2 spell: Static Discharge
  7823 | D:8      | Reached ** piety under Vehumet
  7973 | D:8      | Found a flagged portal.
  7987 | D:8      | Reached skill level 11 in Spellcasting
  8032 | Bailey   | Entered a bailey
  8359 | Bailey   | Noticed an orc warlord
  8413 | Bailey   | Mangled by an orc warlord

Illustrated notes

Levels and vault maps discovered:
D:1:      dpeg_arrival_rooms_c, layout_basic,
          chequers_ecumenical_altar_simple_redux, serial_shops,
          nicolae_shop_behind_doors, nicolae_shop_crystal
D:2:      layout_basic, serial_shops, nicolae_shop_statue_plus, uniq_terence
D:3:      layout_loops_ring, kennysheep_minor_cross, uniq_natasha
D:4:      layout_loops_corners
D:5:      layout_rooms, grunt_temple_overflow_opulence,
          gammafunk_temple_overflow_statue, mainiacjoe_overflow_boulevard,
          worldfamousw_hep_ancestral_shrine, kennysheep_little_box,
          minmay_temple_entry_grid
D:6:      layout_loops_ring, lemuel_crystal_altar, gammafunk_ghost_icy
D:7:      layout_layer_cave, trog_butcher_becter,
          nicolae_wu_jian_immortal_techniques
D:8:      layout_basic, lemuel_mausoleum_altar_kikubaaqudgha,
          erik_lair_orcish_takeover, enter_bailey_6, uniq_prince_ribbit1
Bailey:   bailey_axe_minmay_hex_keep, bailey

Skill      XL: |  1  2  3  4  5  6  7  8  9 |
---------------+----------------------------+-----
Fire Magic     | 4 5 6 7 8 9 |  9.5
Conjurations   | 2 3 4 6 7 |  7.3
Spellcasting   | 4 5 6 8 9 11 | 11.4
Poison Magic   | 1 3 |  3.7
Dodging        | 3 |  3.0
Fighting       | |  0.1
Short Blades   | |  0.1
Stealth        | |  2.4

Action                   |  1- 3 |  4- 6 |  7- 9 || total
-------------------------+-------+-------+-------++-------
Melee: Short sword       |     1 |       |     2 ||     3
 Cast: Foxfire           |    61 |    77 |   237 ||   375
       Scorch            |     7 |     9 |    42 ||    58
       Sting             |       |       |     8 ||     8
       Flame Wave        |       |       |     6 ||     6
       Conjure Flame     |       |       |     2 ||     2
  Use: Scroll            |     3 |     4 |    13 ||    20
       Potion            |       |       |     1 ||     1
Armor: Robe              |     1 |     2 |    12 ||    15
Dodge: Dodged            |    11 |     2 |    40 ||    53

Table legend: (Time is in decaauts)
 A = Elapsed time spent in this place.
 B = Non-inter-level travel time spent in this place.
 C = Inter-level travel time spent in this place.
 D = Time resting spent in this place.
 E = Time spent auto-exploring this place.
 F = Levels seen in this place.
 G = Mean time per level.
                   A        B        C        D        E       F      G
               +--------+--------+--------+--------+--------+-----+--------+
         Total |   8402 |   7972 |    430 |    462 |   6021 |   9 |  933.6 |
       Dungeon |   8036 |   7606 |    430 |    297 |   6021 |   8 | 1004.5 |
        Bailey |    366 |    366 |      0 |    165 |      0 |   1 |  366.0 |
               +--------+--------+--------+--------+--------+-----+--------+

Top non-repeatable levels by time:
     D:1: 1174 daAuts
     D:4: 1162 daAuts
     D:3: 1154 daAuts
     D:5: 1032 daAuts
     D:2: 1028 daAuts
     D:6: 1026 daAuts
     D:7: 1016 daAuts
     D:8: 440 daAuts
  Bailey: 366 daAuts
